 Dungeon Crawl Stone Soup version 0.27-a0-899-ge2d0b17c59 (webtiles) character file.

Game seed: 3075159976125064862

858 mhtbhm the Cudgeller (level 8, -2/49 HPs)
             Began as a Gargoyle Berserker on Apr 5, 2021.
             Was a Priest of Trog.
             Engulfed by a cloud of flame (13 damage)
             ... on level 4 of the Dungeon.
             The game lasted 00:05:21 (5190 turns).

mhtbhm the Cudgeller (Gargoyle Berserker)           Turns: 5190, Time: 00:05:22

Health: -2/49      AC: 15    Str: 22    XL:     8   Next: 2%
Magic:  8/8        EV: 11    Int:  9    God:    Trog [***...]
Gold:   227        SH:  3    Dex:  9    Spells: 7/7 levels left

rFire    . . .     SeeInvis .   a - +0 mace
rCold    . . .     Faith    .   i - +0 buckler
rNeg     + . .     Spirit   .   b - +0 ring mail
rPois    ∞         Reflect  .   p - +0 helmet
rElec    +         Harm     .   g - +1 cloak
rCorr    .         Rampage  .   (no gloves)
Will     .....                  (no boots)
Stlth    ..........             (no amulet)
HPRegen  0.16/turn              (no ring)
MPRegen  0.11/turn              (no ring)

@: no status effects
A: AC +5, negative energy resistance 1, electricity resistance, torment
resistance 1, unbreathing 1, petrification resistance
a: Renounce Religion, Berserk, Trog's Hand


You were on level 4 of the Dungeon.
You worshipped Trog.
Trog was most pleased with you.
You visited 1 branch of the dungeon, and saw 4 of its levels.

You collected 227 gold pieces.

Inventory:

Hand Weapons
 a - a +0 mace (weapon)
Missiles
 u - 7 curare-tipped darts
 v - 22 poisoned darts
Armour
 b - a +0 ring mail (worn)
 g - a +1 cloak (worn)
 i - a +0 buckler (worn)
 p - a +0 helmet (worn)
Wands
 e - a wand of iceblast (9)
 t - a wand of charming (10)
Scrolls
 k - 2 scrolls of teleportation
 l - 2 scrolls of vulnerability {unknown}
 n - a scroll of amnesia {unknown}
 o - a scroll of torment {unknown}
 r - a scroll of blinking {unknown}
 s - a scroll of immolation {unknown}
 w - a scroll of fog {unknown}
Potions
 c - a potion of mutation
 d - a potion of haste {unknown}
 f - a potion of degeneration {unknown}
 h - a potion of invisibility {unknown}
 j - a potion of berserk rage {unknown}
 m - a potion of magic {unknown}
 q - a potion of attraction {unknown}


   Skills:
 + Level 5.0 Fighting
 + Level 6.2 Maces & Flails
 + Level 4.9 Armour
 + Level 3.4 Dodging
 + Level 1.4 Shields


You had 7 spell levels left.
You didn't know any spells.
Your spell library was empty.

Dungeon Overview and Level Annotations

Branches:
Dungeon (4/15)
 Temple: D:4-7

Altars:
Cheibriados
Nemelex Xobeh
Qazlal
Trog
Zin


Innate Abilities, Weirdness & Mutations

Your stone body is resilient. (AC +5)
You are immune to poison.
You resist negative energy. (rN+)
You are resistant to electric shocks. (rElec)
You are resistant to unholy torment.
You can survive without breathing.
You are immune to petrification.


Message History

No target in view!
No target in view!
Really walk into a travel-excluded area? [Y]es or [N]o only, please.
Really walk into a travel-excluded area?
Found 12 gold pieces.
Really walk into that cloud of flame?
Uppercase [Y]es or [N]o only, please.
Really walk into that cloud of flame? [Y]es or [N]o only, please.
Really walk into that cloud of flame?
You are engulfed in blazing flames.
You are engulfed in blazing flames.
You are engulfed in blazing flames.
* * * LOW HITPOINT WARNING * * *
Found 18 arrows.
You now have 196 gold pieces (gained 15).
You now have 206 gold pieces (gained 10).
You start resting.
You start resting.
HP restored.
You start waiting.
Done waiting.
You now have 218 gold pieces (gained 12).
You now have 227 gold pieces (gained 9).
You aren't carrying any pieces of jewellery.
Unknown command.
Okay, then.
Really walk into a travel-excluded area?
You are engulfed in blazing flames.
You are engulfed in blazing flames.
* * * LOW HITPOINT WARNING * * *
You see here 6 gold pieces.
Unknown command.
Unknown command.
Unknown command.
Okay, then.
Okay, then.
You are engulfed in blazing flames.
You die...

#.######.####..........≈P.....
#...# #####....≈≈≈...... #.☼§#
#.......≈≈...... #○○§#
####...≈≈≈≈..... # #§°§#
####...≈≈.≈.....
#.#####...#####......PP≈..#...
#.(°○○.....§§☼..####.....##..>
#..§○☼.....°°☼..# #.....####.
#.§§°.....§○@.## #.....####.
######...###### #.....##...
#§°§# #.....####. #○○☼#
######.....# #. #§.§#
#..........# ##
#...#####.########## #
##...([.).# ##########


There were no monsters in sight!

Vanquished Creatures
  Eustachio (D:4)
  Menkaure (D:4)
  2 ogres (D:4)
  A water moccasin skeleton (D:4)
  A centaur zombie (D:4)
  A hound (D:2)
  Crazy Yiuf (D:3)
  An iguana (D:4)
  Ijyb (D:3)
  An orc wizard (D:3)
  A hound zombie (D:4)
  A hound skeleton (D:4)
  2 howler monkey zombies (D:4)
  4 gnolls (D:2)
  2 adders
  An adder skeleton (D:4)
  5 worms
  A dart slug (D:2)
  10 orcs
  6 bats
  6 endoplasms
  A giant cockroach (D:4)
  6 goblins
  3 hobgoblins
  3 jackals (D:1)
  7 kobolds
  5 quokkas
  4 ball pythons
  5 frilled lizards
  4 rats
88 creatures vanquished.

Vanquished Creatures (others)
  A ball python (D:4)
  A demonic plant (D:1)
  3 plants (D:1)
5 creatures vanquished.

Grand Total: 93 creatures vanquished

Notes
Turn   | Place    | Note
-------+----------+-------------------------------------------
     0 | D:1      | mhtbhm the Gargoyle Berserker began the quest for the Orb.
     0 | D:1      | Reached XP level 1. HP: 14/14 MP: 1/1
    90 | D:1      | Reached XP level 2. HP: 14/19 MP: 2/2
   284 | D:1      | Found a faded altar of an unknown god.
  1218 | D:1      | Reached XP level 3. HP: 23/23 MP: 3/3
  1453 | D:2      | Reached XP level 4. HP: 10/29 MP: 4/4
  1549 | D:2      | Reached ** piety under Trog
  2003 | D:2      | Reached skill level 4 in Maces & Flails
  2028 | D:2      | Reached XP level 5. HP: 16/33 MP: 5/5
  2305 | D:2      | Found a glowing silver altar of Zin.
  3201 | D:3      | Reached *** piety under Trog
  3228 | D:3      | Found a runed translucent door.
  3229 | D:3      | Noticed Crazy Yiuf
  3284 | D:3      | Found a bloodstained altar of Trog.
  3284 | D:3      | Noticed Ijyb
  3741 | D:3      | Killed Ijyb
  3742 | D:3      | Reached XP level 6. HP: 37/38 MP: 6/6
  3791 | D:3      | Killed Crazy Yiuf
  3942 | D:4      | Reached skill level 5 in Maces & Flails
  4299 | D:4      | Reached skill level 1 in Shields
  4299 | D:4      | Reached XP level 7. HP: 44/44 MP: 7/7
  4387 | D:4      | Noticed Eustachio
  4404 | D:4      | Killed Eustachio
  4614 | D:4      | Noticed Menkaure
  4629 | D:4      | Killed Menkaure
  4630 | D:4      | Reached skill level 5 in Fighting
  4630 | D:4      | Reached skill level 6 in Maces & Flails
  4677 | D:4      | Reached XP level 8. HP: 39/49 MP: 8/8
  4758 | D:4      | Found a snail-covered altar of Cheibriados.
  4758 | D:4      | Found a stormy altar of Qazlal.
  4758 | D:4      | Found a sparkling altar of Nemelex Xobeh.
  5190 | D:4      | Engulfed by a cloud of flame

Illustrated notes

Levels and vault maps discovered:
D:1:      saegor_arrival_simple_b, layout_basic, shapermc_ecumenical_altar_gd
D:2:      layout_basic, basic_altar, serial_park_tiny_1, minmay_split_cup_small
D:3:      layout_loops_ring, lemuel_coloured_pillars_altar, uniq_ijyb,
          uniq_crazy_yiuf_cottage
D:4:      layout_basic, gammafunk_temple_overflow_forgotten, serial_undead,
          serial_undead_b, serial_undead_b, serial_undead_f, serial_undead_c,
          lemuel_flame_loot_1, uniq_menkaure, uniq_eustachio

Skill      XL: |  1  2  3  4  5  6  7 |
---------------+----------------------+-----
Dodging        | 2 3 |  3.4
Maces & Flails | 4 5 6 |  6.2
Fighting       | 4 5 |  5.0
Armour         | 3 4 |  4.9
Shields        | 1 |  1.4

Action                   |  1- 3 |  4- 6 |  7- 9 || total
-------------------------+-------+-------+-------++-------
Melee: Mace              |   115 |   225 |    46 ||   386
Invok: Berserk           |       |     3 |     3 ||     6
  Use: Potion            |       |     4 |       ||     4
       Scroll            |       |     3 |       ||     3
Armor: Animal skin       |    26 |       |       ||    26
       Ring mail         |    23 |   120 |    19 ||   162
Dodge: Dodged            |    87 |   153 |    34 ||   274
Block: Buckler           |     5 |    37 |     6 ||    48

Table legend: (Time is in decaauts)
 A = Elapsed time spent in this place.
 B = Non-inter-level travel time spent in this place.
 C = Inter-level travel time spent in this place.
 D = Time resting spent in this place.
 E = Time spent auto-exploring this place.
 F = Levels seen in this place.
 G = Mean time per level.
                   A        B        C        D        E       F      G
               +--------+--------+--------+--------+--------+-----+--------+
         Total |   5342 |   5253 |     89 |   1413 |   2938 |   4 | 1335.5 |
       Dungeon |   5342 |   5253 |     89 |   1413 |   2938 |   4 | 1335.5 |
               +--------+--------+--------+--------+--------+-----+--------+

Top non-repeatable levels by time:
     D:3: 1551 daAuts
     D:4: 1337 daAuts
     D:1: 1313 daAuts
     D:2: 1140 daAuts
